 Dungeon Crawl Stone Soup version 0.31-a0-263-ge8cad7f256 (webtiles) character file.

Game seed: 15240250681837319954

105 qw the Shooter (level 4, -2/37 HPs)
             Began as a Minotaur Hexslinger on July 13, 2023.
             Slain by an iguana (9 damage)
             ... on level 4 of the Dungeon.
             The game lasted 00:00:53 (2555 turns).

qw the Shooter (Minotaur Hexslinger)                Turns: 2555, Time: 00:00:53

Health: -2/37      AC:  3    Str: 11    XL:     4   Next: 53%
Magic:  4/4        EV: 12    Int:  9    God:
Gold:   118        SH:  0    Dex: 19    Spells: 4/5 levels left

rFire   . . .        Y - +1 sling (heavy)
rCold   . . .        (no shield)
rNeg    . . .        d - +0 leather armour
rPois   .            (helmet restricted)
rElec   .            (no cloak)
rCorr   .            (no gloves)
SInv    .            (no boots)
Will    .....        (no amulet)
Stlth   +            (no ring)
HPRegen 0.26/turn    (no ring)
MPRegen 0.09/turn

%: no passive effects
@: no status effects
A: horns 2, retaliatory headbutt, hooves 1, agile 1
a: no special abilities


You were on level 4 of the Dungeon.
You visited 1 branch of the dungeon, and saw 4 of its levels.

You collected 173 gold pieces.
You spent 55 gold pieces at shops.


Innate Abilities, Weirdness & Mutations

You have a pair of horns on your head.
You reflexively headbutt those who attack you in melee.
You have large cloven feet.
You are agile. (Dex +4, Str/Int -1)


   Skills:
 + Level 2.3 Fighting
 - Level 5.0 Ranged Weapons
 - Level 2.1 Dodging
 - Level 1.0 Spellcasting
 - Level 2.0 Hexes


You had 4 spell levels left.
You knew the following spells:

 Your Spells              Type           Power      Damage    Failure   Level
a - Slow                  Hex            16%        N/A       22%         1

Your spell library contained the following spells:

 Spells                   Type           Power      Damage    Failure   Level
 Inner Flame              Hex/Fire       2%         N/A       67%         3
 Portal Projectile        Hex/Tloc       4%         N/A       67%         3
 Cause Fear               Hex            2%         N/A       91%         4

Inventory:

Hand Weapons
 Y - a +1 heavy sling (weapon)
Armour
 d - a +0 leather armour (worn)
Potions
 a - a potion of enlightenment
 b - a potion of mutation
 e - a potion of curing {unknown}
 f - a potion of attraction {unknown}

Dungeon Overview and Level Annotations

Branches:
Dungeon (4/15)
 Temple: D:4-7

Altars:
The Shining One

Shops:
D:2 *


Message History

The orc shouts!
You shoot a sling bullet.
The sling bullet hits the orc but does no damage.
The orc closely misses you. The orc hits you with a +0 war axe!
You shoot a sling bullet.
The sling bullet hits the orc but does no damage.
The orc closely misses you. You furiously retaliate!
You headbutt the orc. You shoot a sling bullet. The sling bullet hits the orc.
You kill the orc!
You start resting.
HP restored.
Items here: % )) [.
A dart slug comes into view.
The dart slug briefly extends its eye-stalks.
You shoot a sling bullet. The sling bullet hits the dart slug.
The dart slug is heavily wounded.
You shoot a sling bullet. The sling bullet hits the dart slug!
You kill the dart slug!
You see here 5 stones.
An iguana comes into view.
Enter note:
Enter note: You shoot a sling bullet.
The sling bullet hits the iguana but does no damage.
The iguana hisses angrily.
The iguana bites you.
You shoot a sling bullet.
The sling bullet barely misses the iguana.
The iguana bites you! The iguana closely misses you.
You shoot a sling bullet.
The sling bullet closely misses the iguana.
The iguana barely misses you. You furiously retaliate!
You headbutt the iguana, but do no damage.
You shoot a sling bullet.
The sling bullet barely misses the iguana.
The iguana bites you! x2
You shoot a sling bullet.
The sling bullet hits the iguana but does no damage.
The iguana barely misses you. The iguana bites you!
You die...

###..........####.#
#..........# #.#
#..........# #
###.####...####.#
#.# ###......#
#.########.####.#
................#
..########.#######.#
...
.........@......#
######.##l.####.. #.
.....# ...........
########.##.. .# # #


You could see an iguana.

Vanquished Creatures
  A hound (D:4)
  An adder (D:3)
  A dart slug (D:4)
  6 orcs
  2 endoplasms
  2 giant cockroaches
  6 hobgoblins
  10 jackals
  3 quokkas
  4 ball pythons
  2 bats
  2 frilled lizards
  5 goblins
  7 kobolds
  2 rats
54 creatures vanquished.

Notes
Turn   | Place    | Note
-------+----------+-------------------------------------------
     0 | D:1      | qw the Minotaur Hexslinger began the quest for the Orb.
     0 | D:1      | Reached XP level 1. HP: 16/16 MP: 1/1
     0 | D:1      | 0 ||| qw: Version: 0.3-a-52-g30416fa
     0 | D:1      | 0 ||| qw: Game counter: 7073
     0 | D:1      | 0 ||| qw: Melee chars always use a shield: true
     0 | D:1      | 0 ||| qw: God list: Okawaru
     0 | D:1      | 0 ||| qw: Allow faded altars: false
     0 | D:1      | 0 ||| qw: Do Orc after clearing Dungeon:15 true
     0 | D:1      | 0 ||| qw: Do second Lair branch before Depths: true
     0 | D:1      | 0 ||| qw: Lair rune preference: random
     0 | D:1      | 0 ||| qw: Goals: Normal
     0 | D:1      | 0 ||| PLANNING D:1-11
   133 | D:1      | Reached skill level 3 in Ranged Weapons
   134 | D:1      | Reached XP level 2. HP: 23/23 MP: 2/2
   723 | D:1      | 723 ||| UPGRADING to +0 leather armour.
   733 | D:1      | 733 ||| DROPPING +0 robe.
   734 | D:1      | 734 ||| READING scroll labelled TEICZEAGGY.
   835 | D:1      | 835 ||| READING scroll labelled NAJAPS NIES.
   836 | D:1      | 836 ||| DRINKING 3 fizzy grey potions.
   871 | D:1      | 871 ||| DROPPING scroll of poison.
   872 | D:1      | 872 ||| DROPPING 2 potions of lignification.
  1021 | D:2      | Reached XP level 3. HP: 29/29 MP: 3/3
  1186 | D:2      | Found Awny's General Store.
  1196 | D:2      | 1196 ||| BUYING potion of enlightenment (55 gold).
  1196 | D:2      | Bought a potion of enlightenment for 55 gold pieces
  1647 | D:3      | Reached skill level 4 in Ranged Weapons
  1899 | D:3      | 1899 ||| FLEEEEING.
  1900 | D:3      | 1900 ||| FLEEEEING.
  1901 | D:3      | 1901 ||| FLEEEEING.
  1902 | D:3      | 1902 ||| FLEEEEING.
  1903 | D:3      | 1903 ||| FLEEEEING.
  1904 | D:3      | 1904 ||| FLEEEEING.
  1905 | D:3      | 1905 ||| FLEEEEING.
  1908 | D:3      | 1908 ||| FLEEEEING.
  1909 | D:3      | 1909 ||| FLEEEEING.
  1913 | D:3      | 1913 ||| FLEEEEING.
  1914 | D:3      | 1914 ||| FLEEEEING.
  1915 | D:3      | 1915 ||| FLEEEEING.
  1916 | D:3      | 1916 ||| FLEEEEING.
  1917 | D:3      | 1917 ||| STAIRDANCE
  1935 | D:2      | 1935 ||| READING scroll labelled HEMUODWOECH.
  1938 | D:2      | 1938 ||| DRINKING 2 bubbling pink potions.
  1938 | D:2      | Gained mutation: You have large cloven feet. [potion of
                  | mutation]
  1938 | D:2      | Gained mutation: You are agile. (Dex +4, Str/Int -1)
                  | [potion of mutation]
  2179 | D:3      | Found a glowing golden altar of the Shining One.
  2311 | D:3      | 2311 ||| READING scroll labelled GEMEGI VOSHRIZ.
  2393 | D:4      | Reached XP level 4. HP: 19/36 MP: 4/4
  2394 | D:4      | 2394 ||| FLEEEEING.
  2396 | D:4      | 2396 ||| FLEEEEING.
  2397 | D:4      | 2397 ||| FLEEEEING.
  2398 | D:4      | 2398 ||| FLEEEEING.
  2399 | D:4      | 2399 ||| FLEEEEING.
  2400 | D:4      | 2400 ||| FLEEEEING.
  2401 | D:4      | 2401 ||| FLEEEEING.
  2414 | D:4      | 2414 ||| FLEEEEING.
  2415 | D:4      | 2415 ||| FLEEEEING.
  2416 | D:4      | 2416 ||| FLEEEEING.
  2417 | D:4      | 2417 ||| FLEEEEING.
  2418 | D:4      | 2418 ||| FLEEEEING.
  2419 | D:4      | 2419 ||| FLEEEEING.
  2423 | D:4      | 2423 ||| STAIRDANCE
  2459 | D:4      | Reached skill level 5 in Ranged Weapons
  2554 | D:4      | HP: 7/37 [iguana (10)]
  2555 | D:4      | Slain by an iguana

Levels and vault maps discovered:
D:1:      mrwooster_arrival_statue, layout_basic, grunt_decor_junction,
          minmay_ruptured
D:2:      layout_basic, serial_shops, nicolae_shop_trees, chequers_garden
D:3:      layout_basic, mainiacjoe_overflow_alcove_2
D:4:      minmay_chambers_of_threes, layout_basic, chequers_big_river,
          uniq_sigmund

Skill      XL: |  1  2  3  4 |
---------------+-------------+-----
Ranged Weapons | 3 4 5 |  5.0
Fighting       | 2 |  2.3
Dodging        | |  2.1
Spellcasting   | |  1.0
Hexes          | |  2.0

Action                     |  1- 3 |  4- 6 || total
---------------------------+-------+-------++-------
   Fire: Sling             |   147 |    16 ||   163
    Use: Scroll            |     4 |       ||     4
         Potion            |     2 |       ||     2
 Armour: Robe              |     4 |       ||     4
         Leather armour    |     8 |       ||     8
  Dodge: Dodged            |    46 |     5 ||    51

Table legend:
 A = Non-vault XP
 B = Vault XP
 C = Vault XP percentage of total XP
 D = Non-vault monster count
 E = Vault monster count
 F = Vault count percentage of total count
                 A         B        C        D         E       F
            +---------+---------+-------+---------+---------+-------
      Total |     145 |       5 |   3.3 |      51 |       3 |   5.6
            +---------+---------+-------+---------+---------+-------
        D:1 |      29 |       5 |  14.7 |      18 |       3 |  14.3
        D:2 |      15 |       0 |   0.0 |       9 |       0 |   0.0
        D:3 |      40 |       0 |   0.0 |      16 |       0 |   0.0
        D:4 |      61 |       0 |   0.0 |       8 |       0 |   0.0
            +---------+---------+-------+---------+---------+-------
